 Dungeon Crawl Stone Soup version 0.29-a0-233-g1125b37a9b (webtiles) character file.

Game seed: 12108388091306959233

4363 mopl the Covert (level 10, -4/103 HPs)
             Began as an Octopode Delver on Mar 2, 2022.
             Slain by a cyclops (12 damage)
             ... on level 8 of the Dungeon.
             The game lasted 00:11:16 (9945 turns).

mopl the Covert (Octopode Delver)                   Turns: 9945, Time: 00:11:17

Health: -4/103     AC: 25    Str: 11    XL:     10   Next: 34%
Magic:  10/10      EV:  2    Int: 15    God:
Gold:   78         SH:  0    Dex: 22    Spells: 7/9 levels left

rFire   . . .      SeeInvis .   b - +7 rapier of the Unspeakable One {freeze, Will+}
rCold   . . .      Faith    .   (no shield)
rNeg    . . .      Spirit   .   (helmet currently unavailable)
rPois   +          Reflect  .   j - amulet of the acrobat
rElec   .          Harm     .   t - +6 ring of dexterity
rCorr   +          Rampage  .   B - ring of resist corrosion
Will    +....      NoTele   +   (no ring)
Stlth   +++++.....              (no ring)
HPRegen 0.27/turn               (no ring)
MPRegen 0.12/turn               (no ring)
                                (no ring)
                                (no ring)

@: tree-form
A: stationary, stasis, torment immunity, boosted hp, almost no armour,
(amphibious), 8 rings, (camouflage 1), (gelatinous body 1), (nimble swimmer 1),
(tentacles)
a: no special abilities


You were on level 8 of the Dungeon.
You were a tree.
You visited 2 branches of the dungeon, and saw 9 of its levels.

You collected 478 gold pieces.
You spent 400 gold pieces at shops.

Inventory:

Hand Weapons
 a - a +0 falchion
 b - the +7 rapier of the Unspeakable One (weapon) {freeze, Will+}
   (You found it on level 6 of the Dungeon)

   It freezes those it strikes, dealing additional cold damage.
   It can also slow down cold-blooded creatures.
   Will:      It increases your willpower.
 x - a +1 dagger of speed
 C - a +2 short sword of speed
 E - the +3 whip of Famine {venom, rPois Dex+3 Stlth+}
   (You found it on level 5 of the Dungeon)

   It poisons the flesh of those it strikes.
   Dex:       It affects your dexterity (+3).
   rPois:     It protects you from poison.
   Stlth:     It makes you more stealthy.
 G - a +0 dagger of venom
Missiles
 i - 7 boomerangs (quivered)
 A - 8 poisoned darts
 D - 4 javelins
Magical Staves
 u - a staff of conjuration {!a}
Jewellery
 j - an amulet of the acrobat (around neck)
 n - a ring of ice
 t - a +6 ring of dexterity (left branch)
 B - a ring of resist corrosion (right branch)
 J - an amulet of guardian spirit
Wands
 f - a wand of digging (3)
 h - a wand of mindburst (7)
 I - a wand of polymorph (8)
Scrolls
 c - 2 scrolls of magic mapping
 d - 2 scrolls of fear
 l - 5 scrolls of teleportation
 m - 3 scrolls of enchant weapon {unknown}
 p - a scroll of summoning {unknown}
 s - a scroll of fog
 v - a scroll of vulnerability {unknown}
 w - 2 scrolls of noise {unknown}
 y - a scroll of enchant armour {unknown}
 z - a scroll of torment {unknown}
Potions
 e - a potion of haste
 g - 2 potions of lignification {!q}
 k - 3 potions of invisibility
 o - 3 potions of flight
 q - 3 potions of mutation {unknown}
 r - 5 potions of curing {unknown}
 F - a potion of heal wounds {unknown}
 H - a potion of resistance {unknown}
 K - a potion of might


   Skills:
 + Level 6.6 Fighting
 + Level 6.2 Long Blades
 + Level 5.7 Throwing
 + Level 6.3 Dodging
 + Level 10.8 Stealth
 + Level 1.6 Translocations
 + Level 6.5 Evocations


You had 7 spell levels left.
You knew the following spells:

 Your Spells              Type           Power      Damage    Failure   Level
e - Blink                 Tloc           10%        N/A       21%         2

Your spell library contained the following spells:

 Spells                   Type           Power      Damage    Failure   Level
 Summon Small Mammal      Summ           0%         N/A       26%         1
 Lesser Beckoning         Tloc           5%         N/A       38%         3
 Call Canine Familiar     Summ           0%         N/A       63%         3
 Summon Guardian Golem    Hex/Summ       0%         N/A       63%         3
 Manifold Assault         Tloc           5%         N/A       98%         5


Dungeon Overview and Level Annotations

Branches:
Dungeon (8/15)             Temple (1/1) D:5            Lair (0/6) D:8

Altars:
Ashenzari
Elyvilon
Fedhas
Gozag
Hepliaklqana
Kikubaaqudgha
Nemelex Xobeh
Qazlal
Ru
Sif Muna
Trog
Uskayaw
Vehumet
Wu Jian
Xom
Yredelemnul
Zin
The Shining One

Shops:
D:4 :   D:8 *

Annotations:
D:3 1 runed translucent door, Karim's ghost, amateur NaFi
D:4 3 runed translucent doors, BigAl's ghost, amateur TrMo
D:7 2 transporters, exclusion: 2 oklob plants, tognito's ghost, novice MiBe


Innate Abilities, Weirdness & Mutations

You are a tree.
Your roots penetrate the ground, keeping you stationary.
You cannot be teleported.
You are immune to unholy pain and torment.
Your maximum health is greatly increased.
You cannot wear most types of armour.
((You are amphibious.))
You can wear up to eight rings at the same time.
((Your skin changes colour to match your surroundings (Stealth+).))
((Your rubbery body absorbs attacks. (AC +1, EV +1)))
((You are camouflaged when in or above water. (Stealth+)))
((You have tentacles for arms and can constrict up to eight enemies at once.))


Message History

There is a fountain of clear blue water here.
There is an entrance to Bushryr's Assorted Antiques here.
I - a wand of polymorph (8);
J - an amulet of guardian spirit
K - a potion of might
g - 3 potions of lignification {!q} (gained 1) Thank you for shopping at Bushryr's Assorted Antiques!
You start resting.
A cyclops comes into view.
There is a fountain of clear blue water here.
You now have 78 gold pieces (gained 11).
You start resting.
A cyclops is nearby!
A cyclops is nearby!
You puncture the cyclops! You freeze the cyclops.
The cyclops is moderately wounded.
You hit the cyclops but do no damage.
The cyclops is moderately wounded.
The cyclops hits you!!
* * * LOW HITPOINT WARNING * * *
You are too injured to fight recklessly!
You are too injured to fight recklessly!
You hit the cyclops but do no damage.
You squeeze the cyclops, but do no damage.
The cyclops is moderately wounded.
The cyclops hits you!
* * * LOW HITPOINT WARNING * * *
Really quaff
g - 3 potions of lignification {!q}?
Really quaff the potion of lignification?
You turn into a tree.
Your roots penetrate the ground.
The cyclops hits you but does no damage.
Unknown command.
You puncture the cyclops! You freeze the cyclops.
The cyclops is heavily wounded.
You puncture the cyclops! You freeze the cyclops.
The cyclops is severely wounded.
The cyclops hits you but does no damage.
You hit the cyclops. You freeze the cyclops.
The cyclops is almost dead.
The cyclops hits you!
You die...

######### #####...#...##
###............###########
...#............##.......#
.#[....>........#........#
.##.............⌠.⌠.>....#
PP..#...........♣C.......#
...≈#.........##⌠.⌠......#
P...#..##..#####.........#
P##....##..# #.#.......#
.#....###..# #...#.......#
...#..###..#...#####..#...
###..........## .##.##
####......... ..
#........### #


You could see a cyclops.

Vanquished Creatures
  A troll (D:7)
  6 yaks
  A steam dragon (D:6)
  Menkaure (D:7)
  3 water moccasins
  An orc warrior (D:8)
  An ice beast (D:5)
  2 sky beasts
  3 black bears
  A centaur (D:7)
  An ogre (D:7)
  2 phantoms
  A necrophage (D:6)
  8 bullfrogs
  4 scorpions
  6 jellies
  3 hounds
  An orc priest (D:5)
  Jessica (D:2)
  Terence (D:2)
  5 iguanas
  6 orc wizards
  Robin (D:2)
  11 gnolls
  11 adders
  2 worms
  2 dart slugs
  17 orcs
  5 ball pythons
  3 bats (D:1)
  14 endoplasms
  18 goblins
  6 hobgoblins
  2 jackals (D:3)
  18 kobolds
  3 quokkas
  2 frilled lizards
  8 rats
182 creatures vanquished.

Vanquished Creatures (others)
  9 toadstools (D:4)
9 creatures vanquished.

Grand Total: 191 creatures vanquished

Notes
Turn   | Place    | Note
-------+----------+-------------------------------------------
     0 | D:5      | mopl the Octopode Delver began the quest for the Orb.
     0 | D:5      | Reached XP level 1. HP: 16/16 MP: 1/1
    20 | D:5      | Noticed a water moccasin
   212 | D:4      | Noticed a hound
   257 | D:4      | Reached XP level 2. HP: 11/21 MP: 2/2
   727 | D:1      | You fall into a shaft and drop 1 floor!
   749 | D:2      | Reached skill level 1 in Evocations
   939 | D:2      | Reached XP level 3. HP: 26/26 MP: 3/3
  1397 | D:2      | Noticed Jessica
  1402 | D:2      | Killed Jessica
  1403 | D:2      | Reached skill level 7 in Stealth
  1403 | D:2      | Reached XP level 4. HP: 19/31 MP: 4/4
  1630 | D:2      | Noticed Terence
  1636 | D:2      | Killed Terence
  1806 | D:2      | Noticed Robin
  1810 | D:2      | Reached skill level 1 in Throwing
  1820 | D:2      | Reached XP level 5. HP: 29/36 MP: 5/5
  1837 | D:2      | Killed Robin
  2223 | D:3      | Found a runed translucent door.
  2247 | D:3      | Reached skill level 2 in Evocations
  2327 | D:3      | Noticed Karim's ghost (amateur NaFi)
  2611 | D:3      | Reached skill level 3 in Long Blades
  2612 | D:3      | Reached skill level 3 in Dodging
  2612 | D:3      | Reached XP level 6. HP: 34/43 MP: 6/6
  3514 | D:4      | Found a runed translucent gate.
  3515 | D:4      | Found a runed translucent gate.
  3515 | D:4      | Found an opulent altar of Gozag.
  3516 | D:4      | Found a runed translucent gate.
  3535 | D:4      | Reached skill level 4 in Fighting
  3535 | D:4      | Reached skill level 2 in Throwing
  3734 | D:4      | Found Deghova's Book Shoppe.
  3735 | D:4      | Noticed BigAl's ghost (amateur TrMo)
  3842 | D:4      | Reached skill level 3 in Evocations
  3853 | D:4      | Reached XP level 7. HP: 46/48 MP: 7/7
  4227 | D:4      | Reached skill level 8 in Stealth
  4230 | D:4      | Found a hazy altar of Hepliaklqana.
  4311 | D:4      | Found a basalt altar of Yredelemnul.
  4560 | D:5      | Identified the +3 whip of Famine {venom, rPois Dex+3
                  | Stlth+}
  4605 | D:5      | Identified the +4 halberd of Indignation {drain, Will++
                  | Str-4 Dex+3 SInv}
  5041 | D:5      | Reached skill level 4 in Dodging
  5043 | D:5      | Reached skill level 3 in Throwing
  5048 | D:5      | Reached skill level 4 in Long Blades
  5051 | D:5      | Reached XP level 8. HP: 29/54 MP: 8/8
  5489 | D:5      | Found a staircase to the Ecumenical Temple.
  5497 | Temple   | Entered the Ecumenical Temple
  5797 | D:5      | Reached skill level 4 in Evocations
  6641 | D:6      | Reached skill level 5 in Fighting
  6714 | D:6      | Reached skill level 9 in Stealth
  6901 | D:6      | Reached skill level 4 in Throwing
  7001 | D:6      | Reached XP level 9. HP: 61/61 MP: 9/9
  7033 | D:6      | Reached skill level 5 in Long Blades
  7033 | D:6      | Reached skill level 5 in Dodging
  7033 | D:6      | Reached skill level 5 in Evocations
  7632 | D:6      | Identified the +7 rapier of the Unspeakable One {freeze,
                  | Will+}
  7888 | D:6      | Found a hide-covered altar of Uskayaw.
  7888 | D:6      | Found a blossoming altar of Fedhas.
  7987 | D:7      | Noticed a troll
  8002 | D:7      | Killed a troll
  8260 | D:7      | Noticed a cyclops
  8273 | D:7      | Noticed tognito's ghost (novice MiBe)
  8273 | D:7      | Noticed an oklob plant
  8395 | D:7      | Found a transporter.
  8402 | D:7      | Noticed an oklob plant
  8415 | D:7      | Reached skill level 10 in Stealth
  8424 | D:7      | Found a transporter.
  8438 | D:7      | Noticed Menkaure
  8443 | D:7      | Killed Menkaure
  8447 | D:7      | Reached skill level 6 in Fighting
  8447 | D:7      | Reached skill level 5 in Throwing
  8873 | D:7      | Found a sparkling altar of Nemelex Xobeh.
  9072 | D:8      | Found a staircase to the Lair.
  9093 | D:8      | Reached skill level 6 in Evocations
  9270 | D:8      | Learned a level 2 spell: Blink
  9286 | D:8      | Reached XP level 10. HP: 68/68 MP: 10/10
  9289 | D:8      | Reached skill level 6 in Dodging
  9349 | D:8      | Reached skill level 6 in Long Blades
  9352 | D:8      | Reached skill level 1 in Translocations
  9893 | D:8      | Found Bushryr's Assorted Antiques.
  9906 | D:8      | Bought a crooked brass wand for 100 gold pieces
  9906 | D:8      | Bought a triangular zirconium amulet for 125 gold pieces
  9906 | D:8      | Bought a potion of might for 100 gold pieces
  9906 | D:8      | Bought a potion of lignification for 75 gold pieces
  9922 | D:8      | Noticed a cyclops
  9945 | D:8      | Slain by a cyclops

Illustrated notes

Levels and vault maps discovered:
D:1:      dpeg_arrival_shelter, layout_basic
D:2:      layout_basic, uniq_terence, uniq_jessica, uniq_robin
D:3:      layout_basic, ebering_ghost_reflecting_pool
D:4:      cheibrodos_fertilizer, layout_basic, mainiacjoe_overflow_alcove_2,
          nicolae_overflow_crystal_walls, ebering_ghost_gozag, serial_shops,
          shop
D:5:      layout_basic, minmay_temple_entry_wispy
D:6:      layout_basic, amethyst_overflow_temple_binary
D:7:      layout_basic, nemelex_spade_bored_becter, nzn_ghost_randoct,
          uniq_menkaure
D:8:      layout_rooms, lemuel_coloured_pillars_altar,
          chequers_temple_overflow_statue_of_worship, dpeg_oklobed_lair,
          serial_shops, shop_fountains
Temple:   hc_temple_tempest_star

Skill      XL: |  1  2  3  4  5  6  7  8  9 10 |
---------------+-------------------------------+-----
Evocations     | 1 2 3 4 6 |  6.5
Stealth        | 7 8 9 10 | 10.8
Throwing       | 1 2 3 4 5 |  5.7
Long Blades    | 3 4 5 6 |  6.2
Dodging        | 3 4 5 6 |  6.3
Fighting       | 4 5 6 |  6.6
Translocations | 1 |  1.6

Action                   |  1- 3 |  4- 6 |  7- 9 | 10-12 || total
-------------------------+-------+-------+-------+-------++-------
Melee: Falchion          |    56 |       |       |       ||    56
       Constrict         |    17 |    26 |    30 |     1 ||    74
       Tentacles         |    11 |    27 |    50 |    12 ||   100
       Dagger            |       |   118 |   127 |       ||   245
       Punch             |       |     3 |     6 |       ||     9
       Rapier            |       |       |    37 |    47 ||    84
Evoke: Wand              |       |     5 |       |       ||     5
  Use: Scroll            |       |     1 |     6 |       ||     7
       Potion            |       |       |     1 |     1 ||     2
 Stab: Sleeping          |    17 |    18 |    30 |     1 ||    66
       Distracted        |       |     1 |     1 |       ||     2
Armor: Skin              |     6 |     3 |     2 |     3 ||    14
Dodge: Dodged            |    24 |    46 |   110 |    30 ||   210

Table legend: (Time is in decaauts)
 A = Elapsed time spent in this place.
 B = Non-inter-level travel time spent in this place.
 C = Inter-level travel time spent in this place.
 D = Time resting spent in this place.
 E = Time spent auto-exploring this place.
 F = Levels seen in this place.
 G = Mean time per level.
                   A        B        C        D        E       F      G
               +--------+--------+--------+--------+--------+-----+--------+
         Total |   9928 |   9623 |    305 |   3766 |   4288 |   9 | 1103.1 |
       Dungeon |   9339 |   9067 |    272 |   3488 |   4141 |   8 | 1167.4 |
        Temple |    589 |    556 |     33 |    278 |    147 |   1 |  589.0 |
               +--------+--------+--------+--------+--------+-----+--------+

Top non-repeatable levels by time:
     D:4: 1753 daAuts
     D:7: 1561 daAuts
     D:5: 1510 daAuts
     D:6: 1340 daAuts
     D:3: 1125 daAuts
     D:2: 1048 daAuts
  Temple: 589 daAuts
     D:1: 576 daAuts
     D:8: 423 daAuts
